 Dungeon Crawl Stone Soup version 0.25-a0-949-gdd2af9e06e (webtiles) character file.

Game seed: 10991323998168503927, levelgen mode: deterministic

2744 ziltoidlt the Stinger (level 9, -6/45 HPs)
             Began as a Spriggan Venom Mage on May 8, 2020.
             Was a Believer of Sif Muna.
             Mangled by an Executioner (7 damage)
             ... on level 3 of the Abyss.
             The game lasted 01:24:29 (10649 turns).

ziltoidlt the Stinger (Spriggan Venom Mage)        Turns: 10649, Time: 01:24:29

Health: -6/45      AC:  6    Str:  4    XL:     9   Next: 41%
Magic:  0/16       EV: 23    Int: 19    God:    Sif Muna [**....]
Gold:   285        SH:  0    Dex: 14    Spells: 0/17 levels left

rFire    . . .     SeeInvis +   a - +1 short sword (speed)
rCold    . . .     Gourm    .   (shield restricted)
rNeg     . . .     Faith    .   g - +1 robe
rPois    +         Spirit   +   A - +2 hat
rElec    .         Reflect  .   (no cloak)
rCorr    .         Harm     .   (gloves unavailable)
MR       +....                  (boots unavailable)
Stlth    +++.......             k - amulet of guardian spirit
HPRegen  0.00/turn              N - -3 ring of dexterity
MPRegen  0.15/turn              F - +2 ring of evasion

@: about to teleport, non-regenerating, mildly diseased, very quick
A: very small, unfitting armour, rugged brown scales 1, see invisible,
herbivore, speed 3, poison resistance, slow metabolism 2
a: Channel Magic, Renounce Religion


You were on level 3 of the Abyss.
You worshipped Sif Muna.
Sif Muna was pleased with you.
You were hungry.

You visited 1 branch of the dungeon, and saw 8 of its levels.
You visited the Abyss 1 time.

You collected 285 gold pieces.

Inventory:

Hand Weapons
 a - a +1 short sword of speed (weapon)
 b - a +1 hunting sling
 K - a +5 whip of electrocution
 O - a +5 dagger of distortion
Missiles
 d - 171 sling bullets
 h - 215 stones (quivered)
 l - 14 atropa-tipped darts
 p - 38 poisoned darts
 E - 5 curare-tipped darts
Armour
 g - a +1 robe (worn)
 A - a +2 hat (worn)
Magical Staves
 q - an uncursed staff of earth
 w - an uncursed staff of wizardry
Jewellery
 k - an amulet of guardian spirit (around neck)
 m - an uncursed ring of flight
 o - an uncursed ring of fire
 F - a +2 ring of evasion (right hand)
 N - a -3 ring of dexterity (left hand)
Wands
 f - a wand of digging (11)
 s - a wand of paralysis (10)
 y - a wand of random effects (13)
 J - a wand of polymorph (7)
 M - a wand of flame (20)
 P - a wand of iceblast (4)
Scrolls
 i - a scroll of identify
 v - 3 scrolls of magic mapping {unknown}
 x - 2 scrolls of fog
 C - 2 scrolls of fear {unknown}
 D - a scroll of acquirement {unknown}
 G - a scroll of noise {unknown}
 I - 2 scrolls of remove curse
Potions
 e - 4 potions of haste
 j - 4 potions of lignification
 n - a potion of cancellation
 r - 4 potions of magic
 t - a potion of stabbing
 z - 4 potions of heal wounds
 B - a potion of curing
 H - 2 potions of might
 L - a potion of invisibility {unknown}
Comestibles
 c - 4 rations


   Skills:
 + Level 3.2 Fighting
 + Level 6.6 Dodging
 - Level 6.0 Stealth
 + Level 4.5 Spellcasting
 - Level 3.0 Conjurations
 * Level 0.0 Summonings
 - Level 4.0 Transmutations
 - Level 3.0 Fire Magic
 * Level 3.0 Air Magic
 - Level 7.0 Poison Magic
 + Level 3.9 Invocations


You couldn't memorise any spells.
You knew the following spells:

 Your Spells              Type           Power        Failure   Level  Hunger
a - Sting                 Tmut/Pois      ####         1%          1    None
b - Poisonous Vapours     Pois/Air       ###...       2%          2    #......
c - Mephitic Cloud        Conj/Pois/Air  ###.....     7%          3    ###....
d - Ignite Poison         Fire/Tmut/Pois ###.....     6%          3    ###....
e - Olgreb's Toxic Radia  Pois           ####....     8%          4    ####...
f - Summon Lightning Spi  Summ/Air       #.......     56%         4    ####...

Your spell library contained the following spells:

 Spells                   Type           Power        Failure   Level  Hunger
 Summon Small Mammal      Summ           #...         13%         1    None
 Call Imp                 Summ           #.......     21%         2    #......
 Call Canine Familiar     Summ           #.......     36%         3    ###....
 Summon Guardian Golem    Hex/Summ       #.......     36%         3    ###....
 Summon Ice Beast         Ice/Summ       #.......     78%         4    ####...


Dungeon Overview and Level Annotations

Branches:
Dungeon (8/15)             Temple (0/1) D:4
   Lair: D:8-11

Altars:
Ashenzari
Fedhas
Gozag
Makhleb
Okawaru
Sif Muna
Uskayaw
Xom
Zin

Annotations:
D:6 2 transporters


Innate Abilities, Weirdness & Mutations

You are very small and have problems with some larger weapons.
You are too small for most types of armour.
You have supernaturally acute eyesight. (SInv)
You are a herbivore.
You cover ground extremely quickly.
You need to consume almost no food.
You are partially covered in rugged brown scales. (AC +1, +3% HP)
Your system is resistant to poisons. (rPois)


Message History

The Executioner closely misses you. The Executioner misses you.
The Executioner hits you. The Executioner hits you!!
* * * LOW HITPOINT WARNING * * *
The Executioner closely misses you.
The Executioner hits you but does no damage.
You feel much better. The Executioner gestures at you.
You resist with some effort. The Executioner closely misses you.
The Executioner hits you. x2; The Executioner barely misses you.
The Executioner completely misses you. The Executioner hits you.
The Executioner hits you!
* * * LOW HITPOINT WARNING * * *
The Executioner closely misses you. The Executioner completely misses you.
You feel much better. The Executioner closely misses you.
The Executioner completely misses you. The Executioner hits you.
The Executioner hits you!!
* * * LOW HITPOINT WARNING * * *
The Executioner hits you!
You die...

##.#.#
......#.##
##..##.###. .#
.
######..#..##..
### #.#
#.....##.. . .
. #. #.### #.#.
..# Z...#. #..#
#....# ##. # ..
##.## .###.
.#..#.. ##1##
## .. . ## #@#
...#.## .# .
#..# #. ....
... #.#. #.
#ยง?.. # #. #.
#. ..# .#.#. ..
.# .#. #.....
..# #. # . #. .
#. .#. . ## # #
#. . # . .## #


You could see an Executioner.

Vanquished Creatures
  Pikel (D:5)
  A water moccasin (D:6)
  A hornet zombie (D:6)
  2 black bears (D:8)
  A phantom (D:7)
  A sky beast (D:8)
  3 ogres
  A centaur (D:6)
  4 bullfrogs
  2 scorpions
  3 wights
  2 crimson imps
  2 howler monkeys
  2 quasits
  A bullfrog zombie (D:7)
  A centaur zombie (D:5)
  2 hounds
  2 orc priests
  3 bullfrog skeletons
  An orc wizard (D:3)
  Natasha (thrice) (D:2)
  A worker ant (D:3)
  A hound skeleton (D:7)
  A hound zombie (D:8)
  5 gnolls
  9 adders
  A shadow imp (D:5)
  An ooze (D:2)
  2 adder zombies
  An adder skeleton (D:8)
  4 worms
  3 dart slugs
  5 leopard geckos
  17 orcs
  9 bats
  2 giant cockroaches (D:3)
  7 hobgoblins
  14 jackals
  10 kobolds
  2 quokkas
  3 ball pythons
  4 frilled lizards
  9 goblins
  A jackal zombie (D:8)
  2 leopard gecko skeletons
  A leopard gecko zombie (D:7)
  2 quokka skeletons
  12 rats
168 creatures vanquished.

Vanquished Creatures (others)
  A hound (D:5)
1 creature vanquished.

Grand Total: 169 creatures vanquished

Notes
Turn   | Place    | Note
-------+----------+-------------------------------------------
     0 | D:1      | ziltoidlt the Spriggan Venom Mage began the quest for the
                  | Orb.
     0 | D:1      | Reached XP level 1. HP: 9/9 MP: 5/5
   455 | D:1      | Reached XP level 2. HP: 13/13 MP: 2/7
   533 | D:1      | Learned a level 2 spell: Poisonous Vapours
   973 | D:1      | Reached XP level 3. HP: 16/16 MP: 8/8
   978 | D:1      | Learned a level 3 spell: Mephitic Cloud
  1495 | D:2      | Noticed Natasha
  1501 | D:2      | Killed Natasha
  1501 | D:2      | Reached skill level 1 in Air Magic
  1501 | D:2      | Reached skill level 4 in Poison Magic
  1501 | D:2      | Reached XP level 4. HP: 21/21 MP: 5/9
  1506 | D:2      | Learned a level 3 spell: Ignite Poison
  1824 | D:2      | Noticed Natasha
  2479 | D:2      | Killed Natasha
  2479 | D:2      | Reached XP level 5. HP: 18/24 MP: 3/10
  2489 | D:2      | Noticed Natasha
  2552 | D:2      | Killed Natasha
  3251 | D:3      | Reached skill level 5 in Stealth
  3494 | D:3      | Reached skill level 1 in Conjurations
  3884 | D:3      | Found a faded altar of an unknown god.
  3900 | D:3      | Reached XP level 6. HP: 28/28 MP: 9/11
  4070 | D:3      | Found a shimmering altar of Xom.
  4070 | D:3      | Found a blossoming altar of Fedhas.
  4207 | D:3      | Found a shimmering blue altar of Sif Muna.
  4207 | D:3      | Found a glowing silver altar of Zin.
  4216 | D:3      | Became a worshipper of Sif Muna the Loreminder
  4261 | D:3      | Reached skill level 5 in Poison Magic
  4468 | D:3      | Found an iron altar of Okawaru.
  5060 | D:4      | You fall into a shaft and drop 3 floors!
  5432 | D:5      | Entered Level 5 of the Dungeon
  5435 | D:5      | Reached skill level 1 in Fire Magic
  5435 | D:5      | Reached XP level 7. HP: 32/32 MP: 6/12
  5752 | D:4      | Gained mutation: Your body sometimes deteriorates upon
                  | taking damage. [potion of mutation]
  5752 | D:4      | Gained mutation: You are robust. (+10% HP) [potion of
                  | mutation]
  5753 | D:4      | Lost mutation: Your body sometimes deteriorates upon taking
                  | damage. [potion of mutation]
  5753 | D:4      | Lost mutation: You are robust. (+10% HP) [potion of
                  | mutation]
  5753 | D:4      | Gained mutation: You are partially covered in rugged brown
                  | scales. (AC +1, +3% HP) [potion of mutation]
  5753 | D:4      | Gained mutation: Your system is resistant to poisons.
                  | (rPois) [potion of mutation]
  5876 | D:4      | Found a staircase to the Ecumenical Temple.
  6743 | D:5      | Noticed Pikel
  6749 | D:5      | Killed Pikel
  6749 | D:5      | Reached skill level 6 in Poison Magic
  6749 | D:5      | Reached XP level 8. HP: 37/37 MP: 1/13
  6755 | D:5      | Learned a level 4 spell: Olgreb's Toxic Radiance
  7274 | D:6      | Reached * piety under Sif Muna
  7274 | D:6      | Reached skill level 7 in Poison Magic
  7620 | D:6      | Found a hide-covered altar of Uskayaw.
  7662 | D:6      | Found a transporter.
  7704 | D:6      | Reached skill level 1 in Invocations
  7809 | D:6      | Reached skill level 1 in Fighting
  8023 | D:6      | Found a transporter.
  8099 | D:6      | Reached skill level 5 in Dodging
  8759 | D:7      | Reached XP level 9. HP: 43/43 MP: 11/14
  8884 | D:7      | Found a burning altar of Makhleb.
  8884 | D:7      | Noticed a balrug
 10147 | D:8      | Found a shattered altar of Ashenzari.
 10182 | D:8      | Found an opulent altar of Gozag.
 10206 | D:8      | Reached ** piety under Sif Muna
 10305 | D:8      | Learned a level 4 spell: Summon Lightning Spire
 10355 | D:8      | Cast into level 2 of the Abyss (unwielding a weapon of
                  | distortion)
 10386 | Abyss:2  | Noticed a tentacled starspawn
 10401 | Abyss:2  | Noticed a starcursed mass
 10423 | Abyss:2  | Found a corrupted altar of Lugonu.
 10434 | Abyss:2  | Noticed a cacodemon
 10439 | Abyss:2  | Noticed a wretched star
 10443 | Abyss:2  | Noticed a starcursed mass
 10447 | Abyss:2  | Noticed an orange demon
 10463 | Abyss:2  | Noticed an angel
 10512 | Abyss:3  | Noticed a great orb of eyes
 10515 | Abyss:3  | Noticed a rakshasa
 10517 | Abyss:3  | Noticed a wretched star
 10518 | Abyss:3  | Noticed a thrashing horror
 10533 | Abyss:3  | Noticed a smoke demon
 10533 | Abyss:3  | Noticed a rakshasa
 10540 | Abyss:3  | Noticed a glowing orange brain
 10574 | Abyss:3  | Noticed a large abomination
 10577 | Abyss:3  | Noticed an ancient zyme
 10579 | Abyss:3  | Noticed a wretched star
 10612 | Abyss:3  | Noticed an Executioner
 10634 | Abyss:3  | Noticed a large abomination
 10649 | Abyss:3  | HP: 1/45 [Executioner (20)]
 10649 | Abyss:3  | Mangled by an Executioner

Levels and vault maps discovered:
D:1:      scummos_arrival_simple_crosswalls, layout_basic
D:2:      layout_loops_ring, first_ration, minmay_ruptured, uniq_natasha
D:3:      layout_loops_ring, grunt_temple_overflow_cloverleaf,
          lemuel_round_altar, chequers_ecumenical_altar_simple_redux,
          st_stairs_4
D:4:      layout_rooms, minmay_temple_entry_stoned_glass
D:5:      layout_gridville, minmay_diced_spiral, uniq_pikel
D:6:      gammafunk_cloud_chamber, layout_cave_pools, old_standard_altar,
          corexii_corridor_pit
D:7:      layout_loops_ring, makhleb_altar_promises_db
D:8:      layout_basic, overflow_temple_1_default, nicolae_ashenzari_panopticon,
          lemuel_crystal_altar
Abyss:3:  base: D:6, doesnt_abyss_rune_brain_food, evilmike_abyss_exit_glass,
          hangedman_steaming_rock, hangedman_abyss_theft,
          hangedman_abyss_rune_macabre_mess

Skill      XL: |  1  2  3  4  5  6  7  8  9 |
---------------+----------------------------+-----
Spellcasting   | 3 4 |  4.5
Transmutations | 2 3 4 |  4.0
Stealth        | 4 5 6 |  6.0
Air Magic      | 1 2 3 |  3.0
Poison Magic   | 4 5 6 7 |  7.0
Conjurations   | 1 2 3 |  3.0
Fire Magic     | 1 2 3 |  3.0
Invocations    | 2 3 |  3.9
Fighting       | 2 3 |  3.2
Dodging        | 5 6 |  6.6

Action                   |  1- 3 |  4- 6 |  7- 9 || total
-------------------------+-------+-------+-------++-------
Melee: Short sword       |    11 |    19 |   100 ||   130
 Fire: Hunting sling     |       |    14 |    35 ||    49
Throw: Stone             |     1 |    20 |    38 ||    59
 Cast: Sting             |    46 |   125 |   113 ||   284
       Poisonous Vapours |     4 |    27 |    31 ||    62
       Mephitic Cloud    |       |     1 |    14 ||    15
       Ignite Poison     |       |     1 |    12 ||    13
       Olgreb's Toxic Ra |       |       |     1 ||     1
  Use: Scroll            |       |    13 |    13 ||    26
       Potion            |       |       |     5 ||     5
 Stab: Sleeping          |     3 |     6 |     2 ||    11
  Eat: Ration            |       |     2 |     4 ||     6
Armor: Robe              |     3 |     6 |    15 ||    24
Dodge: Dodged            |    20 |    37 |   134 ||   191

Table legend:
 A = Non-vault XP
 B = Vault XP
 C = Vault XP percentage of total XP
 D = Non-vault monster count
 E = Vault monster count
 F = Vault count percentage of total count
                 A         B        C        D         E       F
            +---------+---------+-------+---------+---------+-------
      Total |    3221 |     700 |  17.9 |     158 |      10 |   6.0
            +---------+---------+-------+---------+---------+-------
        D:1 |      57 |       0 |   0.0 |      27 |       0 |   0.0
        D:2 |     129 |      68 |  34.5 |      19 |       7 |  26.9
        D:3 |     254 |       3 |   1.2 |      38 |       2 |   5.0
        D:4 |     141 |       0 |   0.0 |       5 |       0 |   0.0
        D:5 |     417 |     629 |  60.1 |      16 |       1 |   5.9
        D:6 |     950 |       0 |   0.0 |      21 |       0 |   0.0
        D:7 |     511 |       0 |   0.0 |      15 |       0 |   0.0
        D:8 |     762 |       0 |   0.0 |      17 |       0 |   0.0
            +---------+---------+-------+---------+---------+-------
